 Dungeon Crawl Stone Soup version 0.29.1-14-g9c671dbff4 (webtiles) character file.

Game seed: 4133609211408059526

14292 raph the Frost Mage (level 12, -4/92 HPs)
             Began as a Merfolk Ice Elementalist on Feb 20, 2023.
             Was an Elder of Kikubaaqudgha.
             Slain by a catoblepas (9 damage)
             ... while petrified by a catoblepas
             ... on level 2 of the Lair of Beasts.
             The game lasted 00:21:24 (11808 turns).

raph the Frost Mage (Merfolk Ice Elementalist)     Turns: 11808, Time: 00:21:25

Health: -4/92      AC:  9    Str:  9    XL:     12   Next: 15%
Magic:  19/22      EV:  2    Int: 19    God:    Kikubaaqudgha [****..]
Gold:   724        SH:  0    Dex: 14    Spells: 1/24 levels left

rFire   . . .      SeeInvis .   a - +1 halberd
rCold   . . .      Faith    .   (shield currently unavailable)
rNeg    + + +      Spirit   .   m - +0 steam dragon scales
rPois   ∞          Reflect  .   t - +1 helmet
rElec   .          Harm     .   z - +0 cloak
rCorr   .          Rampage  .   D - +0 pair of gloves
Will    .....                   (no boots)
Stlth   ++........              c - amulet of regeneration
HPRegen 1.05/turn               k - ring of wizardry
MPRegen 0.18/turn               A - ring of poison resistance

@: petrified
A: (nimble swimmer 2), mertail
a: Renounce Religion, Unearth Wretches


You were on level 2 of the Lair of Beasts.
You worshipped Kikubaaqudgha.
Kikubaaqudgha was greatly pleased with you.
You visited 2 branches of the dungeon, and saw 10 of its levels.

You collected 724 gold pieces.

Inventory:

Hand Weapons
 a - a +1 halberd (weapon)
 d - a +2 dagger of freezing
Missiles
 n - a throwing net
 p - 18 poisoned darts
Armour
 l - a +1 robe
 m - +0 steam dragon scales (worn)
 t - a +1 helmet (worn)
 z - a +0 cloak (worn)
 D - a +0 pair of gloves (worn)
Magical Staves
 b - a staff of cold
Jewellery
 c - an amulet of regeneration (around neck)
 e - a ring of fire
 k - a ring of wizardry (left hand)
 A - a ring of poison resistance (right hand)
 E - a ring of poison resistance
 J - an amulet of guardian spirit
Wands
 q - a wand of mindburst (22)
 s - a wand of roots (4)
 w - a wand of light (20)
 y - a wand of charming (9)
 C - a wand of digging (5)
 I - a wand of flame (6)
Scrolls
 F - a scroll of amnesia
 G - 2 scrolls of teleportation
Potions
 f - 2 potions of mutation
 g - 2 potions of lignification
 h - 2 potions of cancellation
 i - a potion of flight {unknown}
 j - 2 potions of resistance {unknown}
 o - 2 potions of haste {unknown}
 r - 2 potions of berserk rage
 u - 3 potions of brilliance
 v - 4 potions of might
 x - 3 potions of curing
 H - a potion of invisibility {unknown}
 M - a potion of ambrosia {unknown}


   Skills:
 - Level 7.8 Fighting
 - Level 9.9 Dodging
 - Level 2.1 Stealth
 - Level 6.9 Spellcasting
 * Level 8.8 Necromancy
 - Level 10.7 Ice Magic
 + Level 4.5 Earth Magic


You had one spell level left.
You knew the following spells:

 Your Spells              Type           Power      Damage    Failure   Level
a - Freeze                Ice            100%       1d11      1%          1
b - Frozen Ramparts       Ice            94%        1d15      1%          3
c - Ozocubu's Armour      Ice            47%        N/A       1%          3
d - Vampiric Draining     Necr           40%        2d8       1%          3
e - Hailstorm             Conj/Ice       27%        3d7       4%          4
f - Animate Dead          Necr           40%        N/A       1%          4
g - Borgnjor's Vile Clut  Necr/Erth      16%        N/A       8%          5

Your spell library contained the following spells:

 Spells                   Type           Power      Damage    Failure   Level
 Necrotise                Necr           100%       1d9       1%          1
 Apportation              Tloc           12%        N/A       4%          1
 Magic Dart               Conj           24%        1d4       4%          1
 Sting                    Tmut/Pois      24%        1d4       4%          1
 Dispel Undead            Necr           40%        3d16      1%          4
 Agony                    Necr           40%        N/A       3%          5
 Call Imp                 Summ           6%         N/A       6%          2
 Poisonous Vapours        Pois/Air       12%        N/A       6%          2
 Static Discharge         Conj/Air       6%         3-4/arc   6%          2
 Anguish                  Hex/Necr       11%        N/A       6%          4
 Gell's Gravitas          Tloc           6%         N/A       12%         3
 Lesser Beckoning         Tloc           6%         N/A       12%         3
 Mephitic Cloud           Conj/Pois/Air  6%         N/A       12%         3
 Teleport Other           Tloc           6%         N/A       12%         3
 Simulacrum               Ice/Necr       21%        N/A       12%         6
 Death Channel            Necr           20%        N/A       16%         6
 Olgreb's Toxic Radiance  Pois           6%         N/A       38%         4
 Sticky Flame             Conj/Fire      6%         2d3       38%         4
 Alistair's Intoxication  Tmut/Pois      4%         N/A       71%         5
 Dispersal                Tloc           3%         N/A       99%         6
 Disjunction              Tloc           3%         N/A       100%        8


Dungeon Overview and Level Annotations

Branches:
Dungeon (8/15)             Temple (0/1) D:7            Lair (2/5) D:8
  Swamp: Lair:2-3    Shoals: Lair:2-3     Snake: Lair:2-3    Spider: Lair:2-3

Altars:
Ashenzari
Cheibriados
Dithmenos
Kikubaaqudgha
Makhleb
Okawaru
Uskayaw
Vehumet
Yredelemnul
Zin

Shops:
D:3 :

Annotations:
D:4 2 transporters, 1 runed translucent door, kthxbai's ghost, amateur VSFi
D:8 3 runed translucent doors, radmirchik's ghost, novice MiBe


Innate Abilities, Weirdness & Mutations

((You are very nimble when in or above water. (Stealth+, EV+, Speed+++)))
Your lower body shifts to a powerful aquatic tail in water.


Message History

As you read the scroll of blinking, it crumbles to dust.
Your limbs are stiffening.
You have turned to stone.
The catoblepas breathes a plume of calcifying dust at you.
The blast of calcifying dust hits you but does no damage.
You are engulfed in calcifying dust.
The catoblepas breathes a plume of calcifying dust at you.
The blast of calcifying dust hits the fungus!
The fungus begins to die.
The blast of calcifying dust hits you.
You are engulfed in calcifying dust.
The fungus is engulfed in calcifying dust.
The catoblepas gores you.
You are engulfed in calcifying dust.
The fungus is engulfed in calcifying dust.
The fungus turns to stone!
The catoblepas rams the ground with its head heavily.
The catoblepas breathes a plume of calcifying dust at you.
The blast of calcifying dust hits the catoblepas.
The blast of calcifying dust hits you but does no damage.
The catoblepas gores you!
* * * LOW HITPOINT WARNING * * *
The fungus is engulfed in calcifying dust.
The catoblepas breathes a plume of calcifying dust at you.
The blast of calcifying dust hits the catoblepas!
The blast of calcifying dust hits you!
* * * LOW HITPOINT WARNING * * *
The catoblepas gores you!
* * * LOW HITPOINT WARNING * * *
You are engulfed in calcifying dust.
The fungus is engulfed in calcifying dust.
The catoblepas gores you!
* * * LOW HITPOINT WARNING * * *
You are engulfed in calcifying dust.
The fungus is engulfed in calcifying dust.
A nearby fungus withers and dies.
The catoblepas gores you!!
* * * LOW HITPOINT WARNING * * *
The catoblepas gores you but does no damage.
You are engulfed in calcifying dust.
The catoblepas gores you!!
You die...
Kikubaaqudgha rasps: "You have failed me!
Welcome... oblivion!"

####... .P.#...##
...)....### #
........#.####.#
................
..........§......
..........§...!..
.........@<......
.$......YY.......
#.P........#.P##
.##P.....P#.#.###
.........P#......
.#....<.##.....P
...#.....§.......
.+......#......#
##......##..#.#


You could see 2 catoblepae.

Vanquished Creatures
  A centaur warrior (D:8)
  Pikel (D:7)
  8 elephants (Lair:1)
  Joseph (D:8)
  2 cane toads (Lair:1)
  A komodo dragon (Lair:1)
  A hornet (D:8)
  A slime creature (D:8)
  4 wyverns (D:8)
  A basilisk (D:8)
  11 yaks
  2 steam dragons
  A vampire mosquito (D:8)
  9 water moccasins
  3 orc warriors
  2 sky beasts
  4 ice beasts
  2 black bears
  An ogre (D:4)
  A centaur (D:6)
  8 wolves (Lair:1)
  2 kobold brigands
  4 lemures (D:7)
  8 bullfrogs
  2 gnoll sergeants
  2 scorpions
  A wight (D:8)
  9 killer bees
  2 hounds (D:5)
  6 jellies
  4 orc priests
  Crazy Yiuf (D:7)
  Jessica (D:2)
  2 iguanas
  3 orc wizards
  Natasha (thrice) (D:2)
  9 gnolls
  8 adders
  A shadow imp (D:6)
  2 worms (D:3)
  3 dart slugs
  20 orcs
  5 ball pythons
  4 endoplasms
  3 giant cockroaches
  4 goblins
  13 hobgoblins
  6 jackals (D:3)
  12 kobolds
  2 quokkas
  2 bats
  4 frilled lizards
  6 rats
219 creatures vanquished.

Vanquished Creatures (collateral kills)
  2 elephants (Lair:1)
  3 yaks (Lair:1)
  A basilisk (Lair:1)
  A water moccasin (D:8)
  A jelly (D:8)
  2 hounds (Lair:1)
  An iguana (D:8)
  3 gnolls (D:8)
14 creatures vanquished.

Vanquished Creatures (others)
  A human (D:3)
  2 wyvern zombies (D:8)
  4 yak zombies
  2 wolf zombies (Lair:1)
  A bullfrog zombie (Lair:1)
  A basilisk zombie (D:8)
  A scorpion zombie (D:8)
  An iguana zombie (D:8)
  5 fungi
  19 plants
  2 withered plants (D:4)
39 creatures vanquished.

Grand Total: 272 creatures vanquished

Notes
Turn   | Place    | Note
-------+----------+-------------------------------------------
     0 | D:1      | raph the Merfolk Ice Elementalist began the quest for the
                  | Orb.
     0 | D:1      | Reached XP level 1. HP: 13/13 MP: 3/3
    40 | D:1      | Found a faded altar of an unknown god.
   237 | D:1      | Reached XP level 2. HP: 15/19 MP: 1/5
   345 | D:1      | Reached skill level 5 in Ice Magic
  1164 | D:2      | Noticed Jessica
  1180 | D:2      | Killed Jessica
  1181 | D:2      | Reached XP level 3. HP: 16/24 MP: 2/6
  1185 | D:2      | Learned a level 3 spell: Frozen Ramparts
  1305 | D:2      | Reached skill level 6 in Ice Magic
  1305 | D:2      | Reached XP level 4. HP: 30/30 MP: 2/7
  1364 | D:2      | Learned a level 3 spell: Ozocubu's Armour
  2007 | D:2      | Noticed Natasha
  2013 | D:2      | Killed Natasha
  2136 | D:2      | Noticed Natasha
  2139 | D:2      | Killed Natasha
  2140 | D:2      | Reached skill level 7 in Ice Magic
  2140 | D:2      | Reached XP level 5. HP: 35/35 MP: 4/8
  2651 | D:2      | Noticed Natasha
  2660 | D:2      | Killed Natasha
  2880 | D:3      | Found Hebo's Book Emporium.
  3388 | D:3      | Found an ancient bone altar of Kikubaaqudgha.
  3391 | D:3      | Noticed a human
  3392 | D:3      | Killed a human
  3399 | D:3      | Became a worshipper of Kikubaaqudgha
  3433 | D:3      | Found a glowing silver altar of Zin.
  3485 | D:3      | Reached XP level 6. HP: 42/42 MP: 2/9
  3488 | D:3      | Reached skill level 1 in Fighting
  3698 | D:3      | Found a snail-covered altar of Cheibriados.
  3873 | D:3      | Found a broken altar of Ashenzari.
  3877 | D:3      | Saw a vision of the Shoals and the Snake Pit.
  3877 | D:3      | Noticed a merfolk
  3877 | D:3      | Noticed a naga mage
  3877 | D:3      | Noticed a manticore
  3877 | D:3      | Noticed a sea snake
  3877 | D:3      | Noticed a naga mage
  3877 | D:3      | Noticed a merfolk
  3877 | D:3      | Noticed a merfolk
  3877 | D:3      | Noticed a shock serpent
  3878 | D:3      | Noticed a naga warrior
  3878 | D:3      | Noticed a kraken
  3883 | D:3      | Noticed a naga ritualist
  4150 | D:3      | Found a radiant altar of Vehumet.
  4426 | D:4      | Reached * piety under Kikubaaqudgha
  4426 | D:4      | Received a gift from Kikubaaqudgha
  4524 | D:4      | Found a transporter.
  4539 | D:4      | Found a transporter.
  4790 | D:4      | Found a runed translucent door.
  4790 | D:4      | Noticed kthxbai's ghost (amateur VSFi)
  5531 | D:5      | Entered Level 5 of the Dungeon
  5549 | D:5      | Learned a level 3 spell: Vampiric Draining
  5562 | D:5      | Reached XP level 7. HP: 50/50 MP: 7/11
  5632 | D:5      | Noticed a +0 dagger
  5633 | D:5      | Noticed a +0 dagger
  5634 | D:5      | Found a hide-covered altar of Uskayaw.
  5806 | D:5      | You fall into a shaft and drop 1 floor!
  6169 | D:5      | Reached skill level 1 in Necromancy
  6269 | D:5      | Reached skill level 8 in Ice Magic
  6401 | D:5      | Found a burning altar of Makhleb.
  6435 | D:5      | Found an iron altar of Okawaru.
  6643 | D:6      | Reached skill level 5 in Dodging
  6643 | D:6      | Reached XP level 8. HP: 58/58 MP: 9/13
  6868 | D:6      | Learned a level 4 spell: Hailstorm
  6902 | D:6      | Found a basalt altar of Yredelemnul.
  6907 | D:6      | Found a shadowy altar of Dithmenos.
  7104 | D:6      | Reached ** piety under Kikubaaqudgha
  7577 | D:7      | Found a runed translucent door.
  7578 | D:7      | Noticed Crazy Yiuf
  7587 | D:7      | Killed Crazy Yiuf
  7588 | D:7      | Reached XP level 9. HP: 58/66 MP: 8/15
  7782 | D:7      | Identified a scroll of acquirement
  7782 | D:7      | Acquired a staff of cold
  7814 | D:7      | Noticed Pikel
  7825 | D:7      | Killed Pikel
  7826 | D:7      | Reached skill level 5 in Fighting
  7826 | D:7      | Reached skill level 9 in Ice Magic
  7988 | D:7      | Reached skill level 5 in Spellcasting
  8047 | D:7      | Found a staircase to the Ecumenical Temple.
  8496 | D:7      | Learned a level 4 spell: Animate Dead
  8564 | D:8      | Identified the +0 leather armour of Philately {rC+}
  8643 | D:8      | Found a staircase to the Lair.
  8652 | D:8      | Reached XP level 10. HP: 62/76 MP: 12/18
  8661 | D:8      | Reached skill level 10 in Ice Magic
  9046 | D:8      | Found a runed translucent gate.
  9047 | D:8      | Found a runed translucent gate.
  9047 | D:8      | Noticed radmirchik's ghost (novice MiBe)
  9048 | D:8      | Found a runed translucent gate.
  9179 | D:8      | Reached skill level 5 in Necromancy
  9197 | D:8      | Reached *** piety under Kikubaaqudgha
  9197 | D:8      | Received a gift from Kikubaaqudgha
  9515 | D:8      | Noticed Joseph
  9530 | D:8      | Killed Joseph
  9704 | D:8      | Noticed a centaur warrior
  9711 | D:8      | Reached XP level 11. HP: 65/84 MP: 15/21
  9712 | D:8      | Killed a centaur warrior
 10250 | Lair:1   | Entered Level 1 of the Lair of Beasts
 10257 | Lair:1   | Learned a level 5 spell: Borgnjor's Vile Clutch
 10334 | Lair:1   | Reached skill level 1 in Earth Magic
 11036 | Lair:1   | Reached **** piety under Kikubaaqudgha
 11197 | Lair:1   | Reached XP level 12. HP: 32/92 MP: 2/22
 11777 | Lair:2   | Noticed a catoblepas
 11780 | Lair:2   | Noticed a catoblepas
 11796 | Lair:2   | HP: 4/92 [catoblepas (24)]
 11807 | Lair:2   | HP: 4/92 [catoblepas (9)]
 11808 | Lair:2   | Slain by a catoblepas

Illustrated notes

Levels and vault maps discovered:
D:1:      dpeg_arrival_long_road, layout_basic,
          hellmonk_ecumenical_altar_inner_sanctum
D:2:      layout_basic, uniq_natasha, uniq_jessica
D:3:      layout_loops_ring, amcnicky_altar_gilded, zin_statuary,
          tgw_kikubaaqudgha, grunt_ashenzari_visionary
          [grunt_ashenzari_visionary_shoals, grunt_ashenzari_visionary_snake],
          slow_altar_2, serial_shops, shop, minmay_close_crescents
D:4:      gammafunk_steamed_eel, layout_loops_corners, gammafunk_ghost_grave
D:5:      layout_loops_ring, dancing_weapons_uskayaw,
          nicolae_overflow_crystal_walls, mainiacjoe_overflow_catwalk,
          hangedman_abyss_or_decor_stabs
D:6:      layout_gridville, mainiacjoe_overflow_cross_hatched,
          mainiacjoe_overflow_surrounded_room, nicolae_kite_square_tiling_tiny
D:7:      layout_rooms, minmay_temple_entry_large_hall,
          minmay_fractal_squares_gapless_5, uniq_crazy_yiuf_cottage, uniq_pikel
D:8:      nzn_winding_woodlands_three_and_one
          [nzn_winding_woodlands_5x15_concentric,
          nzn_winding_woodlands_5x15_split_checker,
          nzn_winding_woodlands_5x15_cabin, nzn_winding_woodlands_center_lodge],
          layout_loops_corners, minmay_lair_entry_grove,
          gammafunk_ghost_nasty_kobolds, uniq_joseph
Lair:1:   layout_regular_city, beast_lair_carwin_2
Lair:2:   layout_regular_city, elwin_shoals_entry_stream,
          gauntlet_entry_generic, beast_lair_carwin_10

Skill      XL: |  1  2  3  4  5  6  7  8  9 10 11 |
---------------+----------------------------------+-----
Ice Magic      | 5 6 7 8 9 10 | 10.7
Dodging        | 3 4 5 6 8 9 |  9.9
Fighting       | 2 3 4 6 7 |  7.8
Spellcasting   | 3 4 5 6 |  6.9
Necromancy     | 1 2 4 5 8 |  8.8
Earth Magic    | 4 |  4.5
Stealth        | |  2.1

Action                   |  1- 3 |  4- 6 |  7- 9 | 10-12 || total
-------------------------+-------+-------+-------+-------++-------
Melee: Dagger            |    12 |    32 |       |       ||    44
       Punch             |     1 |       |       |       ||     1
       Halberd           |       |    37 |   136 |   169 ||   342
       Staff             |       |       |     9 |       ||     9
 Cast: Freeze            |    22 |    10 |       |       ||    32
       Frozen Ramparts   |       |    30 |    31 |    43 ||   104
       Ozocubu's Armour  |       |     4 |    16 |    18 ||    38
       Vampiric Draining |       |       |     1 |    12 ||    13
       Hailstorm         |       |       |     2 |       ||     2
       Animate Dead      |       |       |     1 |     5 ||     6
  Use: Scroll            |     2 |     7 |     8 |     4 ||    21
       Potion            |       |       |     1 |     3 ||     4
 Stab: Sleeping          |     4 |     9 |     2 |       ||    15
       Distracted        |     1 |       |       |     1 ||     2
Armor: Robe              |     3 |    26 |    30 |       ||    59
       Steam dragon scal |       |       |    36 |   163 ||   199
Dodge: Dodged            |    16 |    51 |   149 |   294 ||   510
